AoeStats
← gazza17

Arena

515804924Analyzed
4v4 RM · 14d ago on Oct 23, 2026· 46m 43s· 8 players
Game mode
Random Map
Map size
Large (8 player)
Population
200
Speed
Normal
Resources
Standard
Victory
Conquest
Starting age
Dark Age
Ending age
Imperial Age
RankedLock teamsTeams togetherTeam positionsShared explorationLock speedFull tech treeHidden civsTurbo modeCheats
Victory
Defeat
🇹🇷 Turks · Türkiye
919
+15
🇧🇷 Khmer · Brazil
884
+16
🇹🇷 Cumans · Türkiye
875
+16
🇨🇳 Cumans · China
814
+19
vs
🇬🇧 Ethiopians · United Kingdom
1017
-23
🇺🇸 Khitans · United States
908
-17
🇨🇱 Franks · Chile
854
-15
🇬🇧 Portuguese · United Kingdom
758
-11
Melon
6:11 Loom
9:12 Feudal Age
10:10 Double-Bit Axe
14:49 Fletching
25:28 Castle Age
24:37 Scale Barding Armor
26:24 Wheelbarrow
26:27 Forging
29:13 Bodkin Arrow
32:01 Stone Mining
39:18 Imperial Age
39:44 Cavalier
41:41 Bow Saw
47:00 Iron Casting
bergiebird
10:23 Feudal Age
9:15 Loom
12:52 Wheelbarrow
12:13 Double-Bit Axe
13:02 Domestication
25:46 Castle Age
23:59 Scale Mail Armor
24:29 Forging
24:28 Stone Mining
28:10 Fletching
28:20 Padded Archer Armor
29:11 Ballistics
28:53 Bodkin Arrow
32:44 Thumb Ring
33:13 Bow Saw
32:50 Elite Skirmisher
33:52 Leather Archer Armor
37:43 Imperial Age
35:21 Pastoralism
36:18 Fortified Wall
36:31 Gold Mining
37:20 Stone Shaft Mining
37:34 Masonry
37:09 Treadmill Crane
38:27 Hand Cart
38:24 Bracer
38:55 Conscription
39:59 Ring Archer Armor
39:54 Lamellar Armor
40:55 Ring Archer Armor
42:54 Chemistry
42:12 Pikeman
42:53 Squires
gazza17
11:06 Feudal Age
11:59 Loom
16:40 Castle Age
16:15 Fletching
16:36 Forging
17:15 Double-Bit Axe
22:11 Horse Collar
26:19 Bow Saw
27:08 Wheelbarrow
27:28 Padded Archer Armor
28:59 Bodkin Arrow
28:45 Crossbowman
29:09 Crossbowman
29:54 Thumb Ring
31:24 Bodkin Arrow
32:30 Ballistics
33:16 Hand Cart
33:44 Stone Mining
34:11 Elite Skirmisher
36:05 Leather Archer Armor
35:50 Gold Mining
38:52 Light Cavalry
PersianT
12:25 Feudal Age
14:50 Double-Bit Axe
17:08 Castle Age
20:39 Crossbowman
21:50 Bow Saw
25:30 Padded Archer Armor
25:21 Fletching
25:37 Padded Archer Armor
30:28 Wheelbarrow
32:07 Ballistics
33:45 Thumb Ring
33:45 Bodkin Arrow
34:06 Leather Archer Armor
36:35 Circumnavigation
37:18 Hand Cart
45:22 Imperial Age
45:47 Arbalester
45:57 Pikeman
46:49 Bracer
47:20 Ring Archer Armor
CANULAN
12:24 Feudal Age
18:27 Castle Age
16:53 Gold Mining
16:50 Double-Bit Axe
24:41 Imperial Age
23:01 Horse Collar
33:52 Loom
34:42 Wheelbarrow
33:52 Town Watch
38:15 Padded Archer Armor
39:43 Leather Archer Armor
44:41 Heavy Plow
45:40 Gold Shaft Mining
Lautenaius Maximus
12:27 Feudal Age
18:55 Castle Age
18:15 Man-at-Arms
23:24 Horse Collar
31:02 Imperial Age
30:52 Fletching
32:28 Bodkin Arrow
32:56 Ballistics
33:39 Chemistry
32:53 Double-Bit Axe
32:46 Pikeman
34:45 Murder Holes
35:01 Fortified Wall
38:01 Conscription
39:55 Bow Saw
41:21 Bracer
44:38 Double Crossbow
46:39 Forging
节操
9:36 Feudal Age
10:13 Double-Bit Axe
13:11 Man-at-Arms
21:02 Horse Collar
23:02 Wheelbarrow
27:10 Castle Age
25:33 Stone Mining
26:21 Gold Mining
27:59 Heavy Plow
28:14 Bow Saw
29:02 Gold Shaft Mining
29:31 Hand Cart
36:49 Imperial Age
37:14 Bloodlines
37:15 Scale Barding Armor
37:20 Forging
37:00 Cavalier
38:57 Chain Barding Armor
39:35 Iron Casting
38:49 Paladin
41:42 Plate Barding Armor
42:17 Blast Furnace
Norelaxz44
12:12 Feudal Age
12:34 Man-at-Arms
13:50 Double-Bit Axe
19:50 Castle Age
18:06 Stone Mining
18:00 Horse Collar
19:25 Gold Mining
23:28 Fletching
26:03 Bodkin Arrow
26:32 Town Watch
26:34 Loom
28:17 Wheelbarrow
30:52 Bow Saw
30:48 Heavy Plow
32:50 Steppe Husbandry
35:53 Imperial Age
34:32 Hand Cart
34:19 Town Patrol
35:34 Padded Archer Armor
37:11 Leather Archer Armor
38:16 Chemistry
39:27 Gold Shaft Mining
39:56 Two-Man Saw
40:22 Steppe Husbandry
40:50 Conscription
40:02 Sappers
41:50 Ring Archer Armor
41:55 Crop Rotation
42:00 Ballistics
41:53 Masonry
43:44 Elite Kipchak
44:31 Cuman Mercenaries
45:09 Hoardings
44:59 Scale Barding Armor
47:29 Chain Barding Armor
Connection lost

Rejoining the realm…

Still unreachable

The connection could not be restored.

Session expired

The server has moved on; the page needs a fresh start.